 Seeded DCSS version 0.28-a0-1555-g9ae15a6949 (webtiles) character file.

Game seed: 81 (custom seed)

163 knot the Chopper (level 5, 36/41 HPs)
             Began as a Demonspawn Berserker on Jan 19, 2022.
             Was a Believer of Trog.
             Quit the game on level 3 of the Dungeon.
             The game lasted 00:03:09 (3266 turns).

knot the Chopper (Demonspawn Berserker)             Turns: 3266, Time: 00:03:10

Health: 36/41      AC: 10    Str: 18    XL:     5   Next: 20%
Magic:  5/5        EV: 11    Int: 10    God:    Trog [**....]
Gold:   180        SH:  0    Dex: 12    Spells: 4/4 levels left

rFire   . . .      SeeInvis .   a - +0 hand axe
rCold   . . .      Faith    .   (no shield)
rNeg    . . .      Spirit   .   f - +0 ring mail
rPois   .          Reflect  .   j - +0 helmet
rElec   .          Harm     .   (no cloak)
rCorr   .          Rampage  .   (no gloves)
Will    .....                   (no boots)
Stlth   +.........              (no amulet)
HPRegen 0.13/turn               c - +4 ring of protection
MPRegen 0.09/turn               (no ring)

@: no status effects
A: ignite blood 1, demonic touch 1
a: Renounce Religion, Berserk, Trog's Hand


You were on level 3 of the Dungeon.
You worshipped Trog.
Trog was pleased with you.
You visited 1 branch of the dungeon, and saw 3 of its levels.

You collected 180 gold pieces.

Inventory:

Hand Weapons
 a - a +0 hand axe (weapon)
Missiles
 g - 14 sling bullets
 k - 33 stones (quivered)
 o - 6 poisoned darts
Armour
 f - a +0 ring mail (worn)
 j - a +0 helmet (worn)
Jewellery
 c - a +4 ring of protection (left hand)
 i - a +6 ring of dexterity
Scrolls
 e - a scroll of vulnerability {unknown}
 h - a scroll of magic mapping {unknown}
 l - a scroll of teleportation {unknown}
 m - a scroll of blinking {unknown}
 n - a scroll of immolation {unknown}
 p - a scroll of identify {unknown}
Potions
 b - a potion of brilliance {unknown}
 d - a potion of lignification {unknown}


   Skills:
 - Level 3.0 Fighting
 + Level 5.4 Axes
 - Level 1.7 Armour
 - Level 1.7 Dodging


You had 4 spell levels left.
You didn't know any spells.
Your spell library was empty.

Dungeon Overview and Level Annotations

Branches:
Dungeon (3/15)

Altars:
Cheibriados
Gozag


Innate Abilities, Weirdness & Mutations

Your demonic aura sometimes causes spilled blood to erupt in flames.
Your touch may inflict minor irresistible damage on your foes.


Message History

You kill the goblin!
Trog accepts your kill.
No target in view!
No target in view!
No target in view!
No target in view!
o - 6 poisoned darts
p - a scroll labelled HUNTEIXIME You see here a +0 dagger.
Found a chain mail.
No target in view!
No target in view!
No target in view!
No target in view!
No target in view!
Things that are here:
a +0 chain mail; a +0 club Key pressed, stopping explore.
No target in view!
An iron imp comes into view.
Found a snail-covered altar of Cheibriados.
The iron imp moves out of view.
No target in view!
No target in view!
No target in view!
No target in view!
An iron imp is nearby!
You hit the iron imp.
The iron imp is moderately wounded.
The iron imp barely misses you.
You hit the iron imp.
The iron imp is heavily wounded.
The iron imp hits you.
You slash the iron imp!
You kill the iron imp!
Trog accepts your kill.
You have reached level 5!
Your demonic ancestry asserts itself...
Your blood heats up.
Are you sure you want to abandon this character and quit the game? (Confirm with "yes".)

####.....###
#...........
#...........
....._.....
#............
###..
.........
#...# #.....#
#...# #@....#
#...###.....#
#......##.##.#
#......# ...
#......# ##.#
###.#### #.#
#.# #.# .
###.#### #.#
##..
#......#####.#
##...


There were no monsters in sight!

Vanquished Creatures
  An iron imp (D:3)
  An orc priest (D:3)
  An adder (D:3)
  2 adder skeletons (D:2)
  2 worms
  A dart slug (D:2)
  An orc (D:3)
  6 endoplasms
  19 goblins
  12 hobgoblins
  8 jackals
  2 kobolds
  2 quokkas
  3 ball pythons
  4 bats (D:2)
  6 frilled lizards
  7 rats
78 creatures vanquished.

Vanquished Creatures (others)
  9 fungi (D:2)
  3 plants (D:2)
12 creatures vanquished.

Grand Total: 90 creatures vanquished

Notes
Turn   | Place    | Note
-------+----------+-------------------------------------------
     0 | D:1      | knot the Demonspawn Berserker began the quest for the Orb.
     0 | D:1      | Reached XP level 1. HP: 18/18 MP: 1/1
    92 | D:1      | Reached skill level 3 in Axes
   236 | D:1      | Gained mutation: Your touch may inflict minor irresistible
                  | damage on your foes. [demonic ancestry]
   236 | D:1      | Reached XP level 2. HP: 24/24 MP: 2/2
  1075 | D:2      | Reached XP level 3. HP: 27/29 MP: 3/3
  1127 | D:2      | Reached ** piety under Trog
  1128 | D:2      | Reached skill level 4 in Axes
  2177 | D:2      | Reached XP level 4. HP: 35/35 MP: 4/4
  2361 | D:2      | Found a faded altar of an unknown god.
  2789 | D:3      | Reached skill level 5 in Axes
  2938 | D:3      | Found an opulent altar of Gozag.
  3259 | D:3      | Found a snail-covered altar of Cheibriados.
  3266 | D:3      | Gained mutation: Your demonic aura sometimes causes spilled
                  | blood to erupt in flames. [demonic ancestry]
  3266 | D:3      | Reached XP level 5. HP: 36/41 MP: 5/5
  3266 | D:3      | Quit the game

Illustrated notes

Levels and vault maps discovered:
D:1:      roderic_crossed_star, layout_loops_ring
D:2:      cheibrodos_greedy_goblins, layout_basic,
          shapermc_ecumenical_altar_hornbeckon, minmay_goblin_kobold_house
D:3:      layout_rooms, slow_altar_1,
          nicolae_gozag_cash_rules_everything_around_me

Skill      XL: |  1  2  3  4 |
---------------+-------------+-----
Axes           | 3 4 5 |  5.4
Fighting       | |  3.0
Armour         | |  1.7
Dodging        | |  1.7

Action                   |  1- 3 |  4- 6 || total
-------------------------+-------+-------++-------
Melee: Hand axe          |   125 |    62 ||   187
       Touch             |    12 |    12 ||    24
       Punch             |       |     1 ||     1
Invok: Berserk           |     2 |     1 ||     3
 Stab: Sleeping          |     1 |       ||     1
Armor: Animal skin       |    18 |       ||    18
       Ring mail         |    25 |    17 ||    42
Dodge: Dodged            |    55 |    31 ||    86

Table legend: (Time is in decaauts)
 A = Elapsed time spent in this place.
 B = Non-inter-level travel time spent in this place.
 C = Inter-level travel time spent in this place.
 D = Time resting spent in this place.
 E = Time spent auto-exploring this place.
 F = Levels seen in this place.
 G = Mean time per level.
                   A        B        C        D        E       F      G
               +--------+--------+--------+--------+--------+-----+--------+
         Total |   3315 |   3138 |    177 |    534 |   2128 |   3 | 1105.0 |
       Dungeon |   3315 |   3138 |    177 |    534 |   2128 |   3 | 1105.0 |
               +--------+--------+--------+--------+--------+-----+--------+

Top non-repeatable levels by time:
     D:2: 1637 daAuts
     D:1: 1335 daAuts
     D:3: 342 daAuts
